 Dungeon Crawl Stone Soup version 0.23.1-37-gaa34b87 (webtiles) character file.

Game seed: 14886988957150412963

116 doot the Magician (level 4, 0/24 HPs)
             Began as a Deep Elf Wizard on Mar 27, 2019.
             Succumbed to a worker ant's poison
             ... on level 4 of the Dungeon.
             The game lasted 00:03:17 (1148 turns).

doot the Magician (Deep Elf Wizard)                 Turns: 1148, Time: 00:03:18

Health: 0/24       AC:  2    Str:  4    XL:     4   Next: 70%
Magic:  1/14       EV: 13    Int: 24    God:
Gold:   22         SH:  0    Dex: 13    Spells: 2/15 levels left

rFire    + . .     SeeInvis .   e - +0 dagger
rCold    + . .     Gourm    .   (no shield)
rNeg     . . .     Faith    .   a - +0 robe
rPois    +         Spirit   .   b - +0 hat
rElec    +         Reflect  .   (no cloak)
rCorr    +         Harm     .   (no gloves)
MR       .....                  (no boots)
Stlth    ++........             (no amulet)
HPRegen  0.08/turn              (no ring)
MPRegen  0.14/turn              (no ring)

@: lethally poisoned (0 -> -3), resistant
A: no striking features
a: no special abilities


You were on level 4 of the Dungeon.
You were hungry.

You visited 1 branch of the dungeon, and saw 4 of its levels.

You collected 22 gold pieces.

Inventory:

Hand Weapons
 e - a +0 dagger (weapon)
Armour
 a - a +0 robe (worn)
 b - a +0 hat (worn)
Scrolls
 c - a scroll of blinking {unknown}
 f - a scroll of noise {unknown}
Comestibles
 d - a ration
 h - 4 chunks of flesh


   Skills:
 + Level 2.5 Dodging
 + Level 2.8 Stealth
 + Level 6.4 Spellcasting
 + Level 1.9 Conjurations
 + Level 2.3 Summonings
 + Level 1.2 Translocations


You had 2 spell levels left.
You knew the following spells:

 Your Spells              Type           Power        Failure   Level  Hunger
a - Magic Dart            Conj           ###.         3%          1    None
b - Call Imp              Summ           ###.....     4%          2    None
c - Blink                 Tloc           N/A          7%          2    None
d - Slow                  Hex            #.......     12%         2    None
e - Conjure Flame         Conj/Fire      ##......     16%         3    None
f - Mephitic Cloud        Conj/Pois/Air  ##......     19%         3    None

Your spell library contained the following spells:

 Spells                   Type           Power        Failure   Level  Hunger


Dungeon Overview and Level Annotations

Branches:
Dungeon (4/15)
 Temple: D:4-7

Altars:
Fedhas


Message History

The worker ant is almost dead.
The worker ant misses you.
Your crimson imp hits the worker ant but does no damage.
Casting: Magic Dart (safe; 3% risk of failure)
Confirm with . or Enter, or press ? or * to list all spells.
You don't have enough magic to cast that spell.
Unknown command.
Unknown command.
You hit the worker ant but do no damage.
The worker ant is almost dead.
The worker ant barely misses you. x2
Your crimson imp barely misses the worker ant.
You hit the worker ant but do no damage.
The worker ant is almost dead.
Your crimson imp closely misses the worker ant.
The worker ant bites you.
* * * LOW HITPOINT WARNING * * *
Your crimson imp hits the worker ant.
The worker ant dies!
You die...

##>.........###....#...≈≈≈≈>._P<≈
#<......##..##.........≈≈≈≈♣P.PP≈
##)................#>...≈≈≈≈P.♣≈≈
##....####........##....≈≈≈≈≈≈≈≈≈
#.....# #.........##.....≈≈≈≈≈≈≈≈
.....<#####.....5.##......≈≈≈≈≈≈≈
...#...# #......5†..#.......≈≈≈..
..####.###..........[.........÷..
.##.#...........@................
....#..#......5........#..##.....
....#..................#####.....
......##..........####...........
......##.).......## #...........
#....###..........####...........
#######..........##.##........##.
#...####.......#......#.##. #..##
#.####.....##.###...


You could see 3 friendly crimson imps.

Vanquished Creatures
  An adder (D:4)
  2 leopard geckos
  A bat (D:1)
  A goblin (D:1)
  3 hobgoblins
  2 kobolds
  A frilled lizard (D:1)
  3 rats
14 creatures vanquished.

Vanquished Creatures (collateral kills)
  Edmund (D:4)
  A worker ant (D:4)
  2 adders
  2 dart slugs (D:4)
  A leopard gecko (D:4)
  An orc (D:4)
  2 frilled lizards (D:4)
10 creatures vanquished.

Grand Total: 24 creatures vanquished

Notes
Turn   | Place    | Note
-------+----------+-------------------------------------------
     0 | D:1      | doot the Deep Elf Wizard began the quest for the Orb.
     0 | D:1      | Reached XP level 1. HP: 10/10 MP: 7/7
   215 | D:1      | Reached skill level 5 in Spellcasting
   215 | D:1      | Reached XP level 2. HP: 15/15 MP: 7/10
   219 | D:1      | Learned a level 2 spell: Call Imp
   222 | D:1      | Learned a level 2 spell: Blink
   225 | D:1      | Learned a level 2 spell: Slow
   547 | D:4      | Noticed a phantom
   879 | D:4      | Reached XP level 3. HP: 19/19 MP: 4/12
   884 | D:4      | Learned a level 3 spell: Conjure Flame
   888 | D:4      | Learned a level 3 spell: Mephitic Cloud
   892 | D:4      | Found a blossoming altar of Fedhas.
  1067 | D:4      | Noticed Edmund
  1081 | D:4      | Killed Edmund
  1081 | D:4      | Reached skill level 6 in Spellcasting
  1081 | D:4      | Reached XP level 4. HP: 24/24 MP: 5/14
  1147 | D:4      | HP: 1/24 [worker ant (6)]
  1148 | D:4      | Succumbed to a worker ant's poison

Skill      XL: |  1  2  3  4 |
---------------+-------------+-----
Spellcasting   | 5 6 |  6.4
Summonings     | 2 |  2.3
Dodging        | |  2.5
Stealth        | |  2.8
Conjurations   | |  1.9
Translocations | |  1.2

Action                   |  1- 3 |  4- 6 || total
-------------------------+-------+-------++-------
Melee: Dagger            |     1 |    15 ||    16
 Cast: Magic Dart        |    31 |     6 ||    37
       Call Imp          |    16 |     4 ||    20
       Blink             |     2 |       ||     2
  Use: Potion            |       |     1 ||     1
Armor: Robe              |     1 |     1 ||     2
Dodge: Dodged            |     1 |    15 ||    16
